Map: Blackpink LE

Players

SpeCial

  • Race: Terran Terran
  • Spawn Location: 1:00

Dark - Winner!

  • Race: Zerg Zerg
  • Spawn Location: 7:00

Event: WESG 2017 Haikou

VOD

Have the link to the VOD?

Description

Time

  • Played on: March 14, 2018, 11:56 p.m.
  • Length: 6:37

All games in this series

Show
View Real Time Build Order
Export as new Build Order

SpeCial Terran 

Build Orders: Reaper Expand, Hellion Banshee 

Get SALT Encoding   

  12  0:00  SCV  
  13  0:13  SCV  
  14  0:17  Supply Depot  
  14  0:25  SCV  
  15  0:39  SCV, Barracks  
  16  0:43  Refinery  
  16  0:51  SCV  
  17  1:03  SCV  
  18  1:15  SCV  
  19  1:27  Reaper  
  19  1:28  Orbital Command  
  20  1:39  Command Center  
  20  1:49  Supply Depot  
  20  1:53  SCV  
  21  1:59  Marine  
  22  2:04  Factory  
  22  2:07  SCV  
  23  2:15  Refinery  
  23  2:19  SCV  
  23  2:20  Barracks Reactor  
  24  2:31  SCV  
  25  2:43  SCV  
  26  2:52  Starport  
  26  2:53  Orbital Command  
  26  3:01  SCV  
  26  3:04  Hellion x2  
  26  3:05  Barracks Tech Lab  
  31  3:14  SCV  
  32  3:21  SCV  
  32  3:26  SCV  
  34  3:28  Hellion x2  
  34  3:31  Viking  
  34  3:33  SCV  
  41  3:39  Supply Depot  
  41  3:43  SCV  
  41  3:45  SCV  
  43  3:54  Hellion  
  45  3:56  SCV  
  45  4:00  SCV, Supply Depot  
  45  4:01  Hellion, Supply Depot  
  49  4:08  SCV  
  50  4:12  SCV, Banshee, Cloaking Field  
  54  4:22  SCV  
  55  4:26  SCV  
  55  4:28  Supply Depot  
  55  4:30  Command Center  
  56  4:34  SCV  
  56  4:38  Hellion x2  
  61  4:40  SCV  
  62  4:46  SCV  
  64  4:52  SCV  
  64  4:53  Supply Depot  
  64  4:55  Banshee  
  67  5:00  SCV  
  67  5:04  Armory  
  67  5:05  Refinery  
  67  5:06  Refinery  
  68  5:08  SCV  
  68  5:12  SCV, Hellion x2  
  74  5:16  Supply Depot  
  74  5:20  SCV  
  75  5:24  SCV  
  76  5:33  SCV  
  77  5:36  SCV  
  79  5:45  SCV, Barracks Tech Lab  
  79  5:47  SCV, Factory  
  79  5:48  SCV, Factory  
  79  5:49  Cyclone x2  
  85  5:52  Banshee  
  88  5:57  SCV  
  88  5:59  SCV  
  83  6:09  SCV  
  76  6:15  SCV  
Show
View Real Time Build Order
Export as new Build Order

Dark Zerg - Winner!

Build Orders: Hatch First, Roach Nydus 

Get SALT Encoding   

  12  0:00  Drone  
  13  0:12  Overlord  
  13  0:16  Drone  
  14  0:30  Drone x2  
  14  0:35  Drone  
  17  0:52  Hatchery  
  17  0:55  Drone  
  17  0:58  Drone  
  18  1:08  Extractor  
  17  1:13  Spawning Pool  
  17  1:14  Drone  
  17  1:18  Drone  
  18  1:29  Drone  
  19  1:42  Overlord  
  19  1:54  Drone  
  19  1:59  Queen  
  19  2:01  Zergling x2  
  23  2:04  Zergling x2, Queen  
  23  2:08  Metabolic Boost  
  26  2:12  Drone  
  27  2:15  Drone  
  27  2:22  Drone  
  29  2:33  Drone x2  
  29  2:36  Drone  
  31  2:40  Queen  
  31  2:41  Queen  
  35  2:45  Overlord  
  35  2:47  Overlord  
  35  3:05  Drone x3  
  38  3:10  Drone  
  38  3:12  Drone x2  
  41  3:13  Drone x4  
  45  3:20  Drone  
  46  3:30  Hatchery  
  46  3:33  Drone  
  46  3:35  Roach Warren  
  46  3:37  Drone  
  46  3:42  Lair  
  46  3:45  Overlord  
  46  3:46  Zergling x4  
  48  3:49  Drone, Extractor  
  48  3:50  Extractor  
  48  3:51  Drone  
  48  3:53  Drone  
  48  3:54  Extractor  
  48  3:57  Drone x2  
  48  4:00  Drone  
  51  4:05  Drone  
  51  4:08  Overlord  
  52  4:17  Overlord  
  52  4:18  Overlord  
  52  4:23  Overlord  
  52  4:27  Overlord  
  52  4:28  Roach x3  
  58  4:40  Nydus Network, Overseer  
  57  4:47  Glial Reconstitution  
  57  4:48  Queen  
  57  4:51  Roach  
  61  4:53  Roach  
  61  4:56  Roach  
  61  4:59  Roach  
  67  5:03  Queen  
  67  5:07  Roach x2  
  73  5:10  Roach x2  
  77  5:20  Roach  
  79  5:23  Roach x2  
  79  5:27  Spore Crawler  
  82  5:30  Nydus Canal  
  82  5:32  Roach  
  82  5:33  Roach  
  86  5:36  Roach  
  86  5:39  Spore Crawler  
  86  5:40  Roach  
  85  5:45  Roach  
  85  5:48  Roach  
  86  5:53  Roach  
  86  5:55  Roach  
  89  6:01  Roach  
  90  6:07  Ravager  
Tags
 
Add a new tag
Caveats
  • Supply blocks, unpowered buildings, or Contaminate may cause inaccurate times.
  • Supply counts are checked every 10 seconds.